 Dungeon Crawl Stone Soup version 0.30-a0-883-g5ad918d77d (webtiles) character file.

Game seed: 233159815193771270

4999008 freidrichen the Conqueror (level 27, 202/202 HPs)
             Began as a Djinni Venom Mage on June 23, 2021.
             Was the Champion of Makhleb.
             Escaped with the Orb
             ... and 8 runes on Mar 16, 2023!
             The game lasted 16:33:31 (106728 turns).

freidrichen the Conqueror (Djinni Venom Mage)     Turns: 106728, Time: 16:33:31

Health: 202/202    AC: 12    Str:  9      XL:     27
Gold:   8446       EV: 39    Int: 31      God:    Makhleb [******] SH: 35 Dex: 26 (27)

rFire   + + +      SeeInvis +    Y - +8 hunting sling of the Smoking Puffin {venom, rF++ Str+4 Dex-3}
rCold   + . .      Faith    .    q - +8 tower shield {reflect}
rNeg    + + .      Spirit   .    S - +5 robe of Night {Dark Will+ SInv}
rPois   ∞          Reflect  +    v - +2 helmet {Int+3}
rElec   +          Rampage  .    z - +0 cloak "Palaoq" {rN++ Dex+3}
rCorr   .          Archmagi +    J - +0 pair of fencer's gloves {Riposte Dex+3}
Will    +++..      Rage     9%   (boots unavailable)
Stlth   +++                      X - amulet of regeneration
HPRegen 1.33/turn                f - ring of the Mage {Wiz Archmagi}
MPRegen 0.00/turn                x - ring of Zoaggank {rElec rC++ EV+4 Str+2 Int+4 Stlth-}

@: flying, studying Fighting
A: sickness immunity, fire resistance 2, cold vulnerability 1, float, innate
caster, HP casting, extra vitality 1, thin skeletal structure 1, agile 1,
berserk 2, deformed body, deterioration 2, sense surroundings 1, weak 2
0: Orb of Zot
}: 8/15 runes: decaying, slimy, silver, iron, obsidian, icy, abyssal, gossamer
a: Renounce Religion, Minor Destruction, Lesser Servant of Makhleb, Major
Destruction, Greater Servant of Makhleb


You escaped.
You worshipped Makhleb.
Makhleb was exalted by your worship.
You visited 16 branches of the dungeon, and saw 80 of its levels.
You visited the Abyss 2 times.
You visited 1 bazaar.
You also visited: Trove and Volcano.

You collected 12290 gold pieces.
You spent 3844 gold pieces at shops.

Inventory:

Hand Weapons
 a - the +5 short sword of Qudd {freeze, rPois Int+5 SInv}
   (You found it on level 3 of the Lair of Beasts)

   Int:       It affects your intelligence (+5).
   rPois:     It protects you from poison.
   SInv:      It lets you see invisible.
 Y - the +8 hunting sling of the Smoking Puffin (weapon) {venom, rF++ Str+4 Dex-3}
   (You found it on level 1 of the Depths)

   Str:       It affects your strength (+4).
   Dex:       It affects your dexterity (-3).
   rF:        It greatly protects you from fire.
Armour
 l - the +4 skin of Zhor {*Englaciate rC+++ SInv}
   (You found it on level 5 of the Lair of Beasts)

   *Englaciate: It radiates cold, occasionally slowing all nearby creatures who
   are not resistant to cold.
   rC:        It renders you almost immune to cold.
   SInv:      It lets you see invisible.
 q - a +8 tower shield of reflection (worn)
 v - a +2 helmet of intelligence (worn)
 z - the +0 cloak "Palaoq" (worn) {rN++ Dex+3}
   (You found it on level 3 of the Spider Nest)

   Dex:       It affects your dexterity (+3).
   rN:        It greatly protects you from negative energy.
 J - the +0 pair of fencer's gloves (worn) {Riposte Dex+3}
   (You found it on level 7 of the Dungeon)

   Riposte:   It allows the wearer to riposte with melee weapons, swiftly
   retaliating against missed or blocked melee attacks.
   Dex:       It affects your dexterity (+3).
 S - the +5 robe of Night (worn) {Dark Will+ SInv}
   (You found it on level 6 of the Lair of Beasts)

   Dark:      It shrouds the wearer in darkness, reducing the range at which
   they can see and be seen by others.
   SInv:      It lets you see invisible.
   Will:      It increases your willpower.
Jewellery
 b - the ring of Tyopnaug {rPois Will+ rCorr Str+2}
   (You found it in a treasure trove)

   [ring of resist corrosion]

   Str:       It affects your strength (+2).
   rPois:     It protects you from poison.
   rCorr:     It protects you from acid and corrosion.
   Will:      It increases your willpower.
 f - the ring of the Mage (left hand) {Wiz Archmagi}
   (You took it off a deep elf blademaster on level 3 of the Elven Halls)

   [ring of wizardry]

   It improves your spell success rate.
   Archmagi:  It increases the power of your magical spells.
 k - the ring "Tilohem" {rN+ Str+5 SInv}
   (You found it in a treasure trove)

   [ring of see invisible]

   Str:       It affects your strength (+5).
   rN:        It protects you from negative energy.
   SInv:      It lets you see invisible.
 m - the ring of Qemorr {Dex+2 SInv Stlth+}
   (You found it in a treasure trove)

   [ring of see invisible]

   Dex:       It affects your dexterity (+2).
   SInv:      It lets you see invisible.
   Stlth:     It makes you more stealthy.
 o - the amulet "Ynapures" {Spirit Rampage +Inv rN+ rCorr}
   (You took it off a centaur on level 11 of the Dungeon)

   [amulet of guardian spirit]

   It causes incoming damage to be divided between your reserves of health and
   magic.
   rN:        It protects you from negative energy.
   +Inv:      It lets you turn invisible.
   rCorr:     It protects you from acid and corrosion.
   Rampage:   It bestows one free step when moving towards enemies.
 x - the ring of Zoaggank (right hand) {rElec rC++ EV+4 Str+2 Int+4 Stlth-}
   (You found it in a treasure trove)

   [ring of evasion]

   EV:        It affects your evasion (+4).
   Str:       It affects your strength (+2).
   Int:       It affects your intelligence (+4).
   rC:        It greatly protects you from cold.
   rElec:     It insulates you from electricity.
   Stlth:     It makes you less stealthy.
 B - the amulet of Pumu {Reflect Str+3 Int+2 SH+5}
   (You found it on level 3 of the Vaults)

   [amulet of reflection]

   It reflects blocked missile attacks.
   Str:       It affects your strength (+3).
   Int:       It affects your intelligence (+2).
   SH:        It affects your SH (+5).
 G - the ring of Vanity {Wiz Contam rElec Int+4}
   (You found it on level 7 of the Iron City of Dis)

   [ring of wizardry]

   It improves your spell success rate.
   Int:       It affects your intelligence (+4).
   rElec:     It insulates you from electricity.
   Contam:    It causes magical contamination when unequipped.
 W - the ring of Obsession {rPois Str+6 Int+7}
   (You took it off Antaeus on level 7 of Cocytus)

   [ring of strength]

   Str:       It affects your strength (+6).
   Int:       It affects your intelligence (+7).
   rPois:     It protects you from poison.
 X - an amulet of regeneration (around neck)
Wands
 p - a wand of paralysis (54)
 t - a wand of charming (28)
 K - a wand of mindburst (52)
 L - a wand of acid (44)
 R - a wand of polymorph (29)
 V - a wand of iceblast (73)
 Z - a wand of digging (18)
Scrolls
 e - 12 scrolls of teleportation
 i - 9 scrolls of magic mapping
 w - 2 scrolls of summoning
 A - 4 scrolls of blinking
 E - 8 scrolls of fear
 I - 9 scrolls of fog
 P - a scroll of holy word
Potions
 c - 4 potions of invisibility
 d - 16 potions of lignification
 h - 19 potions of curing
 s - 5 potions of resistance
 C - 5 potions of brilliance
 H - 5 potions of cancellation
 M - 2 potions of haste
Miscellaneous
 g - a phial of floods
 u - the horn of Geryon
 D - a condenser vane
 F - a piece from Xom's chessboard (15/15) (quivered)
 N - a box of beasts
 O - a lightning rod (4/4)
 U - a phantom mirror


   Skills:
 O Level 27 Fighting
 - Level 6.0 Long Blades
 - Level 4.0 Ranged Weapons
 - Level 3.3 Throwing
 - Level 8.5 Armour
 + Level 23.9 Dodging
 - Level 19.5 Stealth
 + Level 24.2 Shields
 + Level 26.1 Spellcasting
 - Level 9.3 Invocations
 + Level 19.2 Evocations


You knew the following spells:

 Your Spells              Type           Power      Damage    Failure   Level
a - Sting                 Tmut/Pois      100%       1d8       0%          1
b - Poisonous Vapours     Pois/Air       100%       N/A       0%          2
c - Mephitic Cloud        Conj/Pois/Air  100%       N/A       0%          3
d - Ignite Poison         Fire/Tmut/Pois 100%       N/A       0%          3
e - Olgreb's Toxic Radia  Pois           100%       N/A       0%          4
f - Foxfire               Conj/Fire      100%       2x1d9     0%          1
h - Call Imp              Summ           100%       N/A       0%          2
i - Summon Ice Beast      Ice/Summ       100%       N/A       0%          4
j - Manifold Assault      Tloc           100%       N/A       0%          4
k - Irradiate             Conj/Tmut      70%        3d35      0%          5
l - Iron Shot             Conj/Erth      70%        9d13      0%          6
m - Death Channel         Necr           70%        N/A       0%          6
n - Shadow Creatures      Summ           N/A        N/A       0%          6
o - Summon Hydra          Summ           70%        N/A       0%          7
p - Borgnjor's Revivific  Necr           70%        N/A       1%          8
q - Ignition              Fire           70%        3d19      1%          8
r - Shatter               Erth           70%        3d52*     1%          9
Your spell library was empty.

Dungeon Overview and Level Annotations

Branches:
Dungeon (15/15)            Temple (1/1) D:7            Lair (6/6) D:10
  Swamp (4/4) Lair:2       Spider (4/4) Lair:2        Slime (5/5) Lair:5
    Orc (2/2) D:11            Elf (3/3) Orc:2        Vaults (5/5) D:14
  Crypt (3/3) Vaults:3       Tomb (0/3) Crypt:3      Depths (5/5) D:15
   Hell (visited)             Dis (7/7) Hell            Geh (7/7) Hell
    Coc (7/7) Hell            Tar (0/7) Hell            Zot (5/5) Depths:5
Volcano (visited)

Altars:
Ashenzari
Cheibriados
Dithmenos
Elyvilon
Fedhas
Gozag
Hepliaklqana
Makhleb
Nemelex Xobeh
Okawaru
Qazlal
Ru
Trog
Uskayaw
Wu Jian
Xom
Yredelemnul
Zin
The Shining One
Jiyva

Shops:
D:8 :   D:14 [[*   Orc:1 ?   Orc:2 *=[[=   Elf:1 ?!(:   Elf:2 :   Elf:3 :
Zot:5 *   Depths:2 (

Portals:
Hell: Depths:1 Depths:2 Depths:3 Depths:5
Abyss: Depths:3
Pandemonium: Depths:1 Depths:2 Depths:3
Ziggurat: Depths:4

Annotations:
Slime:5 Royal Jelly
Crypt:3 exclusions: ancient lich and 2 doors, Mara
Depths:4 Mennas, Sojobo
Dis:7 Dispater


Innate Abilities, Weirdness & Mutations

You are immune to sickness and miasma.
You are immune to poison.
Your flesh is very heat resistant. (rF++)
You are vulnerable to cold. (rC-)
You float through the air rather than walking.
You learn spells naturally, not from books.
Your magical power is your life essence.
You have superior vitality. (+4 MHP)
You have a somewhat thin skeletal structure. (Dex +2, Stealth+)
You are agile. (Dex +4, Str/Int -1)
You have an uncontrollable temper.
Armour fits poorly on your strangely shaped body.
Your body often deteriorates upon taking damage.
You passively map a small area around you.
You are very weak. (Str -4)


Message History

(Y) Tartarus (Z) Zot
Where to? (Enter - D:4, ? - help)
There is an open door here.
A shadow demon comes into view.
Casting: Iron Shot (safe; 0% risk of failure)
Confirm with . or Enter, or press ? or * to list all spells.
You don't know that spell.
Unknown command.
Casting: Iron Shot (safe; 0% risk of failure)
Confirm with . or Enter, or press ? or * to list all spells.
Aiming: Iron Shot (safe; 0% risk of failure)
Press: ? - help, Shift-Dir - straight line, f - shadow demon
Aim: a shadow demon (77% to hit)
You feel a surge of power!
The iron shot hits the shadow demon!!!!
You kill the shadow demon!
Makhleb accepts your kill.
You feel better.
You feel your strength returning.
Unknown command.
There is a stone staircase leading up here.
You fly upwards.
There is a stone staircase leading down here.
(D) Dungeon (T) Temple (L) Lair (S) Swamp (N) Spider Nest (M) Slime Pits (O) Orcish Mines (E) Elven Halls (V) Vaults (C) Crypt (W) Tomb (U) Depths (H) Hell (I) Dis (G) Gehenna (X) Cocytus (Y) Tartarus (Z) Zot
Where to? (Enter - D:3 @ (x,y), ? - help)
What level of the Dungeon? (default 1, ? - help)
You see here a +0 leather armour.
You reach down and open the door.
There is an open door here.
There is an open door here.
There is a stone staircase leading up here.
You fly upwards.
There is a stone staircase leading down here.
You reach down and open the door.
There is an open door here.
There is a staircase leading out of the dungeon here.
You have escaped!

#.#.###..####.####.....# #...
#.............##.......# #...
###.############.#.#...# #... #.#
########..#.....# #... ####.#
#............#..######... #....#
#.....++++++.#..#........ #.####
#.....+....+............. #.#
#.....+....+..###........ #.#
#.....+.@..'..########... #.####
####..+....+.......###... .>...#
##.++'+++..####.##.... #.##.#
#[........####.###... #.##.#
#####.....#....^..... #....#
####..#.##.###### ####.#
#..#.##.#
####.###############.......####
....†.........................###


There were no monsters in sight!

Vanquished Creatures
  Antaeus (Coc:7)
  Asmodeus (Geh:7)
  A juggernaut (Abyss:3)
  Boris (twice) (Crypt:1 Vaults:5)
  4 Killer Klowns
  18 shard shrikes
  Bai Suzhen (Spider:4)
  A dread lich (Zot:4)
  8 orbs of fire
  2 ancient liches (Zot:5)
  Geryon (Hell)
  11 golden dragons
  A bone dragon (Depths:5)
  A Tzitzimitl (Zot:3)
  3 electric golems
  16 Brimstone Fiends
  25 tentacled monstrosities
  5 iron giants
  8 Hell Sentinels (Dis:7)
  2 titans (Vaults:5)
  3 curse toes (Zot:5)
  13 Ice Fiends
  The ghost of Ocaaf the Genius of the Arcane, an adept DsIE of Sif Muna (Elf:1)
  8 quicksilver dragons
  8 liches
  25 Orb Guardians
  7 deep elf blademasters
  18 acid blobs
  5 deep elf master archers
  8 sphinxes
  6 ancient champions
  2 thorn hunters
  3 tentacled starspawn
  Kirke (Elf:1)
  6 death cobs
  25 storm dragons
  10 shadow dragons
  4 tengu reavers
  2 revenants
  12 azure jellies
  3 draconian knights
  6 draconian monks
  2 fenstrider witches
  7 rockslimes
  3 nagarajas (Depths:5)
  3 orc warlords
  10 fire giants
  11 frost giants
  7 draconian scorchers
  11 iron dragons
  9 deep elf sorcerers
  4 cacodemons
  3 deep elf elementalists (Elf:3)
  7 balrugs
  13 vault wardens
  4 draconian stormcallers
  5 ghost moths
  3 curse skulls
  14 ghouls
  6 emperor scorpions
  6 draconian shifters
  2 angels
  5 draconian annihilators
  22 very ugly things
  4 spriggan defenders
  16 ironbound preservers
  2 ophanim (Abyss:3)
  12 quicksilver oozes
  15 stone giants
  34 war gargoyles
  32 reapers
  9 deep elf demonologists
  The ghost of MordorOrchid the Thaumaturge, a journeyman DjEE of Makhleb (Orc:2)
  4 elemental wellsprings
  8 vampire knights
  9 red draconians
  13 green draconians
  A dire elephant (Vaults:2)
  7 white draconians
  5 yellow draconians
  11 purple draconians
  8 deep elf annihilators
  9 black draconians
  5 entropy weavers
  2 lorocyprocas
  Azrael (Orc:2)
  A minotaur (Orc:2)
  Snorg (D:13)
  4 eidola
  2 spark wasps
  2 bunyips
  5 fire dragons
  A merfolk javelineer (Depths:1)
  15 blizzard demons
  5 jiangshi (Crypt:2)
  2 eleionomae
  15 ettins
  A green death (Depths:2)
  7 deep elf high priests
  10 deep elf death magi
  5 kraken zombies
  12 yaktaur captains
  111 slime creatures
  A shambling mangrove (Swamp:1)
  A merfolk impaler (Depths:1)
  38 vault guards
  Fannar (D:11)
  8 naga warriors (Depths:5)
  5 quicksilver dragon skeletons
  2 quicksilver dragon zombies
  3 ironbound thunderhulks
  3 spriggan air magi
  7 great orbs of eyes
  4 rakshasas
  Erolcha (D:9)
  4 hydras
  20 ice dragons
  6 boulder beetles
  A ghost crab (Swamp:4)
  6 centaur warriors
  5 ironbound frosthearts
  2 catoblepae
  2 hell beasts
  A death knight (Crypt:2)
  5 two-headed ogres
  43 hell hogs
  11 alligators
  8 death scarabs (Spider:4)
  31 dancing weapons
  4 deep troll shamans
  8 tengu warriors
  15 death yaks (Lair:6)
  10 deep troll earth magi
  7 orc high priests
  7 spriggan berserkers
  5 vampire magi
  4 removed ironbound beastmasters
  3 titan zombies
  7 soul eaters
  15 sun demons
  3 thrashing horrors (Abyss:3)
  Nergalle (D:11)
  18 deep elf knights
  23 iron trolls
  3 storm dragon zombies
  33 hell knights
  9 iron golems
  58 skeletal warriors
  2 storm dragon skeletons
  7 titan skeletons
  10 flayed ghosts
  A spatial maelstrom (Abyss:3)
  5 golden dragon zombies
  2 sea snakes (Depths:5)
  2 sixfirhies (D:14)
  4 spriggan druids
  A shadow wraith (Crypt:2)
  A shadow demon (D:3)
  A death drake (Swamp:4)
  2 goliath frogs (shapeshifter)
  A fire crab (Volcano)
  A sea snake (shapeshifter) (Depths:1)
  A quicksilver dragon simulacrum (Crypt:1)
  4 anaconda skeletons
  5 goliath frogs
  11 swamp dragons
  2 golden dragon skeletons
  An orange crystal statue (Vaults:3)
  2 cherubim (Abyss:3)
  3 glowing orange brains
  9 anaconda zombies
  59 deep trolls
  15 bog bodies
  10 deep elf archers
  A spectral wolf spider (Spider:4)
  13 orc knights
  A kraken simulacrum (Hell)
  14 wizards
  An iron dragon zombie (Crypt:2)
  11 necromancers
  6 stone giant zombies
  22 deep elf pyromancers
  7 shadow dragon zombies
  10 lindwurms
  16 ironbound convokers
  Pikel (D:5)
  21 orb spiders
  4 shadow dragon skeletons
  A harpy (Vaults:1)
  A mana viper (shapeshifter) (Vaults:5)
  2 orc sorcerers
  10 wolf spider zombies
  20 phantasmal warriors
  8 cyclopes
  22 wolf spiders
  48 ugly things
  6 shining eyes
  32 deep elf zephyrmancers
  4 will-o-the-wisps (Swamp:4)
  2 oklob plants (Lair:2)
  3 manticores
  A worldbinder (Abyss:3)
  4 fire giant zombies
  A frost giant skeleton (Crypt:3)
  2 shock serpent zombies
  A moth of wrath (shapeshifter) (Depths:3)
  6 frost giant zombies
  12 fire giant skeletons
  An iron dragon skeleton (Coc:4)
  7 guardian serpents
  Maurice (D:10)
  32 moths of wrath
  2 stone giant skeletons
  2 black mambas (Depths:5)
  43 rust devils
  5 ice statues
  2 naga magi (Depths:5)
  4 elephants (Lair:6)
  18 vault sentinels
  9 smoke demons
  4 gargoyles (Crypt:3)
  12 molten gargoyles
  2 torpor snails
  14 dire elephant zombies
  2 orange demons
  A dire elephant skeleton (Geh:6)
  A grey draconian zombie (Crypt:2)
  2 shock serpent skeletons
  Maggie (D:6)
  A pale draconian zombie (Crypt:2)
  An emperor scorpion zombie (Coc:2)
  An efreet (Geh:6)
  2 large abominations (Abyss:3)
  17 komodo dragons
  A cane toad (Lair:3)
  3 elf skeletons (Vaults:1)
  32 yaktaurs
  4 spectral redbacks (Spider:4)
  59 ice devils
  30 hellions
  An ancient zyme (Abyss:3)
  A kobold demonologist (D:11)
  A nameless horror (Vaults:3)
  An unseen horror (D:12)
  A komodo dragon (shapeshifter) (Abyss:3)
  3 demonic crawlers
  31 tormentors
  2 rime drakes (Lair:5)
  3 spectral deep trolls (Crypt:2)
  2 spriggan skeletons
  13 hydra zombies
  21 freezing wraiths
  2 guardian mummies (Crypt:3)
  3 tengu conjurers
  An anaconda simulacrum (Crypt:1)
  A sea snake skeleton (Hell)
  18 red devils
  A redback zombie (Spider:4)
  3 meliai (D:14)
  A catoblepas skeleton (Crypt:1)
  4 human skeletons
  4 harpy zombies
  7 tyrant leeches
  A bloated husk (Swamp:2)
  5 polar bears
  A death drake zombie (Crypt:1)
  26 hornets
  5 trolls
  38 jumping spiders
  3 hydra skeletons
  3 alligator zombies
  A hornet (shapeshifter) (Vaults:3)
  2 spectral jumping spiders (Spider:4)
  A raiju (shapeshifter) (Elf:1)
  2 ice dragon zombies
  14 blink frogs
  8 ettin zombies
  A harpy skeleton (Crypt:3)
  7 raiju (Abyss:3)
  4 fire dragon zombies
  A jumping spider zombie (Spider:4)
  69 flying skulls
  14 fire dragon skeletons
  97 redbacks
  4 ettin skeletons
  7 shadows
  41 tarantellas
  2 spriggans (shapeshifter)
  4 air elementals (Elf:1)
  A wind drake zombie (Crypt:1)
  A ynoxinul (Abyss:3)
  12 spriggans
  2 alligator skeletons (Coc:7)
  3 ice dragon skeletons
  3 wyverns
  A dire elephant simulacrum (Crypt:2)
  23 water elementals
  Eustachio (D:5)
  21 fire elementals
  32 wraiths
  2 black mamba zombies
  A hog (shapeshifter) (Depths:2)
  6 fire bats (Volcano)
  5 hogs (Elf:1)
  56 yaks
  2 black mamba skeletons
  A neqoxec (Abyss:2)
  A yak (shapeshifter) (D:15)
  2 humans
  9 golden eyes
  2 vampire mosquitoes (D:11)
  7 basilisks
  A swamp worm (shapeshifter) (Vaults:5)
  2 spatial vortices (Abyss:3)
  A warg (D:7)
  14 swamp worms
  An acid dragon (D:9)
  5 water moccasins
  2 swamp drakes (Swamp:4)
  2 spectral hornets (Spider:4)
  8 cane toad zombies
  3 floating eyes
  Duvessa (D:5)
  A hornet zombie (Spider:4)
  50 hell hounds
  3 manticore zombies
  17 necrophages
  A cane toad skeleton (Geh:7)
  A sky beast (D:5)
  A dream sheep zombie (Crypt:1)
  3 ice beasts (Coc:2)
  58 orc warriors
  2 swamp dragon zombies
  A black bear (D:4)
  2 alligator simulacra
  An ettin simulacrum (Coc:7)
  3 snapping turtle zombies
  12 ogres
  22 centaurs
  19 wolves
  A swamp dragon skeleton (Coc:7)
  5 boggarts (Vaults:2)
  5 snapping turtle skeletons
  2 phantoms
  A manticore skeleton (Geh:6)
  Blork the orc (D:4)
  4 kobold brigands
  A hog skeleton (Crypt:2)
  7 bullfrogs
  A wyvern zombie (D:5)
  6 gnoll sergeants
  4 earth elementals
  7 scorpions
  A water moccasin zombie (Crypt:2)
  Dowan (D:5)
  A troll zombie (Dis:7)
  A vampire bat (Lair:5)
  62 wights
  A troll skeleton (Crypt:2)
  10 howler monkeys
  4 electric eels
  3 lava snakes (Volcano)
  A crimson imp (Geh:4)
  9 hounds
  43 orc priests
  A basilisk zombie (Crypt:1)
  4 gnoll boudas
  5 human zombies
  2 jellies
  A centaur skeleton (Geh:6)
  4 centaur zombies
  26 iron imps
  2 iguanas (D:5)
  33 orc wizards
  5 hell rats (Lair:2)
  6 small abominations (Abyss:3)
  A killer bee zombie (Crypt:2)
  A naga zombie (Crypt:1)
  A naga skeleton (Crypt:1)
  2 tengu skeletons
  A hound skeleton (D:4)
  13 mummies
  10 adders
  31 gnolls
  2 howler monkey skeletons
  2 shadow imps
  10 white imps
  4 ufetubi
  An iguana skeleton (Crypt:1)
  3 worms
  4 dart slugs
  98 orcs
  7 endoplasms
  4 giant cockroaches
  3 hobgoblins (D:1)
  11 jackals
  5 quokkas
  8 ball pythons
  8 bats
  A dart slug zombie (Crypt:1)
  2 frilled lizards
  11 goblins
  A goblin skeleton (Crypt:2)
  12 kobolds
  A quokka skeleton (Crypt:1)
  6 rats
  A spectral orc (Depths:1)
  4 briar patches (Swamp:1)
  A starspawn tentacle (Abyss:1)
  9 tentacles
3563 creatures vanquished.

Vanquished Creatures (collateral kills)
  An orb of fire (Zot:5)
  Arachne (Spider:4)
  2 Killer Klowns (Zot:5)
  3 tentacled monstrosities
  2 ancient champions (Vaults:3)
  An acid blob (Slime:5)
  2 thorn hunters (Swamp:4)
  A fire giant (Depths:3)
  An Orb Guardian (Zot:5)
  A quicksilver ooze (shapeshifter) (Depths:4)
  A stone giant (Depths:2)
  A quicksilver ooze (Slime:5)
  4 green draconians
  An entropy weaver (Vaults:4)
  A red draconian (Depths:5)
  A draconian annihilator (Zot:5)
  A shambling mangrove (Swamp:4)
  An ice dragon (Depths:1)
  2 rakshasas
  A yellow draconian (Zot:5)
  A purple draconian (Zot:5)
  23 hydras
  An alligator (Swamp:4)
  A death knight (D:12)
  A tengu warrior (Depths:1)
  2 skeletal warriors (D:12)
  A fire crab (Lair:5)
  A deep troll (Vaults:4)
  6 swamp dragons
  An oklob plant (D:10)
  2 lindwurms
  A wolf spider (Spider:1)
  9 ugly things
  A black mamba (Lair:3)
  A torpor snail (Lair:5)
  2 molten gargoyles (Volcano)
  A cane toad (shapeshifter) (D:15)
  2 gargoyles (D:10)
  14 cane toads
  7 demonic crawlers
  A redback zombie (Spider:4)
  2 rime drakes
  3 efreet
  A troll (D:11)
  17 slime creatures
  A blink frog (Lair:5)
  2 spriggans (Swamp:4)
  A tarantella (Spider:2)
  2 redbacks (Spider:4)
  4 wraiths
  A vampire (D:11)
  2 fire elementals (Orc:2)
  3 fire bats (Volcano)
  2 vampire mosquitoes (D:10)
  A naga (Depths:5)
  A swamp worm (Swamp:4)
  7 wargs (Orc:1)
  9 water moccasins
  3 acid dragons
  3 hell hounds
  4 swamp drakes
  2 centaurs (D:11)
  A wyvern zombie (D:9)
  A wyvern skeleton (D:7)
  5 wights (D:10)
  A vampire bat (Lair:5)
  6 centaur zombies
  A lava snake (Volcano)
  An orc priest (Orc:2)
  2 howler monkey zombies
  A gnoll (D:7)
  An orc (Orc:2)
  A bat (Lair:5)
200 creatures vanquished.

Vanquished Creatures (others)
  A ghost moth zombie (Geh:7)
  A storm dragon skeleton (Geh:7)
  A fire giant zombie (Geh:7)
  A moth of wrath (Elf:1)
  A stone giant skeleton (Geh:7)
  A dire elephant zombie (Geh:7)
  A hydra skeleton (Geh:7)
  A flying skull (Geh:1)
  A hell hound (Dis:3)
  A ball lightning (Elf:1)
  A demonic plant (Abyss:3)
  294 foxfires
  12 fungi
  36 plants
  7 starspawn tentacles
  12 tentacles
  16 withered plants
388 creatures vanquished.

Grand Total: 4151 creatures vanquished

Notes
Turn   | Place    | Note
-------+----------+-------------------------------------------
     0 | D:1      | freidrichen the Djinni Venom Mage began the quest for the
                  | Orb.
     0 | D:1      | Reached XP level 1. HP: 15/15 MP: 0/0
   284 | D:1      | Reached XP level 2. HP: 19/21 MP: 0/0
   789 | D:1      | Reached XP level 3. HP: 25/25 MP: 0/0
   789 | D:1      | Learned a level 1 spell: Foxfire
  1779 | D:2      | Reached XP level 4. HP: 20/31 MP: 0/0
  3282 | D:3      | Reached XP level 5. HP: 31/35 MP: 0/0
  3282 | D:3      | Learned a level 7 spell: Corpse Rot
  3976 | D:3      | Reached skill level 1 in Slings
  4671 | D:4      | Noticed Blork the orc
  4687 | D:4      | Noticed a necrophage
  4697 | D:4      | Killed a necrophage
  4698 | D:4      | Reached XP level 6. HP: 31/40 MP: 0/0
  4923 | D:4      | Noticed a black bear
  5084 | D:4      | Reached XP level 7. HP: 38/45 MP: 0/0
  5084 | D:4      | Learned a level 2 spell: Call Imp
  5094 | D:4      | Killed Blork the orc
  5095 | D:4      | Reached skill level 5 in Spellcasting
  5545 | D:4      | Identified the +1 scale mail "Ecoummee" {rC+ Str+4}
  5853 | D:5      | Entered Level 5 of the Dungeon
  5853 | D:5      | Noticed Pikel
  5928 | D:5      | Reached XP level 8. HP: 44/51 MP: 0/0
  6049 | D:5      | Reached skill level 1 in Fighting
  6201 | D:5      | Noticed Eustachio
  6275 | D:5      | Killed Pikel
  6276 | D:5      | Reached skill level 2 in Fighting
  6280 | D:5      | Noticed Dowan
  6288 | D:5      | Killed Dowan
  6361 | D:5      | Noticed Duvessa
  6364 | D:5      | Killed Duvessa
  6365 | D:5      | Reached skill level 3 in Fighting
  6471 | D:5      | Found a snail-covered altar of Cheibriados.
  6481 | D:5      | Reached XP level 9. HP: 54/61 MP: 0/0
  6481 | D:5      | Learned a level 4 spell: Summon Ice Beast
  6546 | D:5      | Found a sparkling altar of Nemelex Xobeh.
  7308 | D:6      | Reached skill level 4 in Fighting
  7530 | D:6      | Noticed a +0 spear
  7540 | D:6      | Noticed a +0 short sword
  7541 | D:6      | Noticed a +0 dagger
  7541 | D:6      | Noticed a +0 dagger
  7541 | D:6      | Noticed a +0 falchion
  7542 | D:6      | Noticed a +0 falchion
  7547 | D:6      | Noticed a +0 short sword
  7555 | D:6      | Noticed a +0 spear
  7763 | D:6      | Found a blossoming altar of Fedhas.
  7960 | D:6      | Found a shimmering altar of Xom.
  7960 | D:6      | Found a shimmering altar of Xom.
  7961 | D:6      | Found a shimmering altar of Xom.
  7961 | D:6      | Found a shimmering altar of Xom.
  7962 | D:6      | Found a shimmering altar of Xom.
  8442 | D:6      | Found a hide-covered altar of Uskayaw.
  8445 | D:6      | Noticed Maggie
  8937 | D:7      | Reached skill level 5 in Fighting
  9305 | D:7      | Reached XP level 10. HP: 62/70 MP: 0/0
  9668 | D:7      | Reached skill level 5 in Stealth
  9822 | D:7      | Reached skill level 6 in Fighting
 10874 | D:7      | Found the +0 pair of fencer's gloves {Riposte Dex+3}
 11210 | D:7      | Reached skill level 7 in Fighting
 11213 | D:7      | Found a staircase to the Ecumenical Temple.
 11244 | Temple   | Entered the Ecumenical Temple
 11978 | D:8      | Reached XP level 11. HP: 51/79 MP: 0/0
 11978 | D:8      | Learned a level 4 spell: Manifold Assault
 12336 | D:8      | Found Zehya's Book Boutique.
 12965 | D:8      | Reached skill level 1 in Shields
 13053 | D:8      | Found a burning altar of Makhleb.
 13066 | D:8      | Became a worshipper of Makhleb the Destroyer
 13992 | D:9      | Noticed Erolcha
 14029 | D:9      | Found a sacrificial altar of Ru.
 14036 | D:9      | Found a broken altar of Ashenzari.
 14217 | D:9      | Reached skill level 5 in Dodging
 14411 | D:9      | Noticed a two-headed ogre
 14414 | D:9      | Killed a two-headed ogre
 14653 | D:10     | Entered Level 10 of the Dungeon
 14811 | D:10     | Noticed a two-headed ogre
 14827 | D:10     | Noticed Maurice
 14831 | D:10     | Killed Maurice
 14832 | D:10     | Reached skill level 8 in Fighting
 15396 | D:10     | Reached * piety under Makhleb
 15406 | D:10     | Killed a two-headed ogre
 15415 | D:10     | Reached XP level 12. HP: 47/88 MP: 0/0
 15908 | D:10     | Found a staircase to the Lair.
 16290 | D:11     | Noticed a boulder beetle
 17327 | D:5      | Killed Eustachio
 17430 | D:6      | Killed Maggie
 18152 | Lair:1   | Entered Level 1 of the Lair of Beasts
 18156 | Lair:1   | Reached skill level 10 in Spellcasting
 18201 | Lair:1   | Noticed a four-headed hydra
 18236 | Lair:1   | Reached skill level 9 in Fighting
 18840 | Lair:1   | Reached ** piety under Makhleb
 19044 | Lair:1   | You are sucked into a shaft and drop 1 floor!
 19049 | Lair:2   | You are sucked into a shaft and drop 1 floor!
 19212 | Lair:2   | You are sucked into a shaft and drop 2 floors!
 19216 | Lair:4   | Noticed an eight-headed hydra
 19305 | Lair:3   | Reached XP level 13. HP: 63/96 MP: 0/0
 19305 | Lair:3   | Learned a level 5 spell: Irradiate
 19576 | Lair:2   | Found a hole to the Spider Nest.
 19711 | Lair:2   | Reached skill level 10 in Fighting
 19883 | Lair:2   | Reached skill level 5 in Shields
 19897 | Lair:2   | Reached *** piety under Makhleb
 20096 | Lair:2   | Noticed a five-headed hydra
 20109 | Lair:2   | Killed a five-headed hydra
 20191 | Lair:2   | Noticed an eight-headed hydra
 20215 | Lair:2   | Killed an eight-headed hydra
 20359 | Lair:2   | Found a staircase to the Swamp.
 20486 | Lair:2   | You are sucked into a shaft and drop 1 floor!
 20535 | Lair:3   | Reached skill level 1 in Evocations
 20715 | Lair:3   | Noticed a six-headed hydra
 20721 | Lair:3   | Killed a six-headed hydra
 20970 | Lair:3   | Identified the +8 whip "Leptefor" {antimagic, rElec rC+}
 22211 | Lair:4   | Killed an eight-headed hydra
 22600 | Lair:4   | Noticed a five-headed hydra
 22614 | Lair:4   | Killed a five-headed hydra
 22892 | Lair:5   | Reached skill level 11 in Fighting
 23096 | Lair:5   | Found the +4 skin of Zhor {*Englaciate rC+++ SInv}
 23143 | Lair:5   | Found a viscous altar of Jiyva.
 23143 | Lair:5   | Found a staircase to the Slime Pits.
 23397 | Lair:5   | Reached **** piety under Makhleb
 24225 | Lair:1   | Identified the +6 falchion of Conflict {drain, Stlth+}
 24482 | Lair:1   | Killed a four-headed hydra
 24483 | Lair:1   | Reached XP level 14. HP: 93/105 MP: 0/0
 24824 | D:11     | Identified the amulet "Ynapures" {Spirit Rampage +Inv rN+
                  | rCorr}
 25161 | D:11     | Noticed Fannar
 25165 | D:11     | Killed Fannar
 25199 | D:11     | Reached skill level 5 in Evocations
 25344 | D:11     | Noticed Nergalle
 25346 | D:11     | Killed Nergalle
 26035 | D:11     | Found a staircase to the Orcish Mines.
 26420 | Orc:1    | Entered Level 1 of the Orcish Mines
 26428 | Orc:1    | Reached skill level 12 in Fighting
 26459 | Orc:1    | Found a dark tunnel.
 26468 | Volcano  | Entered a volcano
 26748 | Volcano  | Reached ***** piety under Makhleb
 28308 | Orc:1    | Found Baram's Magic Scroll Boutique.
 28317 | Orc:1    | Bought a scroll of identify for 28 gold pieces
 28317 | Orc:1    | Bought a scroll of teleportation for 42 gold pieces
 28317 | Orc:1    | Bought a scroll of teleportation for 42 gold pieces
 28564 | Orc:1    | Found a burning altar of Makhleb.
 28781 | Orc:2    | Entered Level 2 of the Orcish Mines
 28789 | Orc:2    | Found Naginayj's Mayhem Merchandise.
 28817 | Orc:2    | Found a staircase to the Elven Halls.
 29083 | Orc:2    | Noticed a minotaur
 29086 | Orc:2    | Noticed MordorOrchid's ghost (journeyman DjEE)
 29119 | Orc:2    | Reached ****** piety under Makhleb
 29330 | Orc:2    | Found a runed translucent gate.
 29330 | Orc:2    | Found a runed translucent gate.
 29330 | Orc:2    | Found a runed translucent gate.
 29538 | Orc:2    | Noticed Azrael
 30373 | D:12     | Reached XP level 15. HP: 96/113 MP: 0/0
 30373 | D:12     | Learned a level 6 spell: Iron Shot
 30376 | D:12     | Reached skill level 1 in Invocations
 30452 | Orc:1    | Bought a scroll of identify for 28 gold pieces
 30452 | Orc:1    | Bought a scroll of immolation for 49 gold pieces
 31600 | D:12     | Upgraded the game from 0.27-a0-1324-ge0d8e047f6 to
                  | 0.27-a0-1325-g58a489ad9e
 32472 | D:13     | Noticed Snorg
 32478 | D:13     | Killed Snorg
 32571 | D:13     | Noticed an orc warlord
 32582 | D:13     | Killed an orc warlord
 34370 | D:14     | Reached skill level 13 in Fighting
 34373 | D:14     | Found Gozag's Platinum Reserve.
 34380 | D:14     | Found an opulent altar of Gozag.
 34773 | Lair:2   | Identified the ring of Kisiucu {Fly AC+4 Int-5 Dex+8}
 35816 | D:14     | Found Puocsa's Antique Armour Shoppe.
 35902 | D:14     | Found Bumitt's Antique Armour Shop.
 35971 | D:14     | Reached XP level 16. HP: 101/121 MP: 0/0
 36125 | D:14     | Reached skill level 5 in Invocations
 36160 | D:14     | Found a gate to the Vaults.
 36545 | D:15     | Entered Level 15 of the Dungeon
 37127 | D:15     | Found a portal to a secret trove of treasure.
 37149 | D:15     | Upgraded the game from 0.27-a0-1325-g58a489ad9e to
                  | 0.27-a0-1331-g60ef6b6952
 37386 | D:15     | You paid a toll of 6 scrolls of blinking to enter a
                  | treasure trove
 37387 | Trove    | Entered a treasure trove
 37393 | Trove    | Identified the ring of Qemorr {Dex+2 SInv Stlth+}
 37395 | Trove    | Identified the ring "Tilohem" {rN+ Str+5 SInv}
 37400 | Trove    | Identified the ring "Dayfer" {Will+ Dex+4}
 37402 | Trove    | Identified the ring "Bac Masch" {AC+4 Int+3 Slay+2}
 37404 | Trove    | Identified the ring of Zoaggank {rElec rC++ EV+4 Str+2
                  | Int+4 Stlth-}
 37412 | Trove    | Identified the ring "Leoss" {rElec rCorr SInv}
 37418 | Trove    | Identified the amulet of Suspicion {Acrobat rF- Will+++
                  | rCorr Slay-3}
 37424 | Trove    | Identified the ring of Tyopnaug {rPois Will+ rCorr Str+2}
 37427 | Trove    | Identified the ring of Ziatop {Ice Str+2}
 37474 | D:15     | Upgraded the game from 0.27-a0-1331-g60ef6b6952 to
                  | 0.27-a0-1334-g2746e35aca
 37668 | Spider:1 | Entered Level 1 of the Spider Nest
 39405 | Spider:2 | Reached skill level 10 in Dodging
 39411 | Spider:2 | Reached XP level 17. HP: 128/128 MP: 0/0
 39411 | Spider:2 | Learned a level 6 spell: Death Channel
 39411 | Spider:2 | Upgraded the game from 0.27-a0-1334-g2746e35aca to
                  | 0.27-a0-1342-ga99462a43c
 39974 | Spider:3 | Reached skill level 10 in Evocations
 39975 | Spider:3 | Reached skill level 14 in Fighting
 40327 | Spider:3 | Reached skill level 1 in Armour
 40385 | Spider:3 | Identified the +0 cloak "Palaoq" {rN++ Dex+3}
 40936 | Spider:4 | Entered Level 4 of the Spider Nest
 41106 | Spider:4 | Identified the +3 halberd of Exhibitionism {vorpal, Int+9}
 41131 | Spider:4 | Noticed Arachne
 41148 | Spider:4 | Killed Arachne
 42089 | Spider:4 | Reached XP level 18. HP: 103/135 MP: 0/0
 42292 | Spider:4 | Noticed Bai Suzhen
 42293 | Spider:4 | Upgraded the game from 0.27-a0-1342-ga99462a43c to
                  | 0.27-a0-1358-ga0a28fc8c3
 42293 | Spider:4 | Upgraded the game from 0.27-a0-1358-ga0a28fc8c3 to
                  | 0.27-a0-1365-ge71e8f7681
 42448 | Lair:6   | Entered Level 6 of the Lair of Beasts
 43398 | Lair:6   | Found the +5 robe of Night {Dark Will+ SInv}
 43828 | Swamp:1  | Entered Level 1 of the Swamp
 44354 | Swamp:1  | Identified the +6 shortbow "Ifeumnow" {flame, Dex+4}
 44799 | Swamp:1  | Upgraded the game from 0.27-a0-1365-ge71e8f7681 to
                  | 0.27-a0-1374-gc14e5d3922
 45246 | Swamp:2  | Upgraded the game from 0.27-a0-1374-gc14e5d3922 to
                  | 0.27-a0-1381-g81fdcbfb23
 45894 | Swamp:3  | Reached skill level 5 in Armour
 45894 | Swamp:3  | Reached XP level 19. HP: 107/141 MP: 0/0
 45894 | Swamp:3  | Learned a level 6 spell: Shadow Creatures
 46184 | Swamp:4  | Entered Level 4 of the Swamp
 46692 | Swamp:4  | Reached skill level 10 in Shields
 47457 | Swamp:4  | Upgraded the game from 0.27-a0-1381-g81fdcbfb23 to
                  | 0.27-a0-1391-g48c30b3128
 47512 | Swamp:4  | Got a decaying rune of Zot
 47632 | Swamp:4  | Reached skill level 10 in Stealth
 48044 | Swamp:4  | Reached skill level 15 in Fighting
 48422 | D:9      | Killed Erolcha
 49564 | D:15     | Found a staircase to the Depths.
 49573 | Depths:1 | Entered Level 1 of the Depths
 49887 | Vaults:1 | Entered Level 1 of the Vaults
 50381 | Vaults:1 | Reached XP level 20. HP: 149/149 MP: 0/0
 50389 | Vaults:1 | Identified the ring of Vyfem {rN+ AC+4 Dex-3 Slay+2}
 51619 | Vaults:1 | Upgraded the game from 0.27-a0-1391-g48c30b3128 to
                  | 0.27-a0-1423-ge5d6b6ab6a
 52135 | Vaults:2 | Identified the +12 chain mail of Agoraphobia {rF+}
 52910 | Vaults:2 | Reached skill level 15 in Spellcasting
 52919 | Vaults:2 | Reached XP level 21. HP: 152/157 MP: 0/0
 52919 | Vaults:2 | Learned a level 7 spell: Summon Hydra
 53100 | Vaults:2 | Reached skill level 16 in Fighting
 53805 | Vaults:3 | Found a transporter.
 53806 | Vaults:3 | Found the +7 captain's cutlass {speed, disarm}
 53821 | Vaults:3 | Found a transporter.
 54196 | Vaults:3 | Identified the ring of Doubts {Fire Str+4 SInv}
 54518 | Vaults:3 | Upgraded the game from 0.27-a0-1423-ge5d6b6ab6a to
                  | 0.27-a0-1434-g6f15984924
 54911 | Vaults:3 | Found a staircase to the Crypt.
 55363 | Vaults:4 | Found a flickering gateway to a bazaar.
 55381 | Vaults:4 | Upgraded the game from 0.27-a0-1434-g6f15984924 to
                  | 0.27-a0-1448-g9c78c815f3
 55412 | Bazaar   | Entered a bazaar
 55412 | Bazaar   | Found Hoejocal's Jewellery Shoppe.
 55412 | Bazaar   | Found Goezoarastri's Assorted Antiques.
 55413 | Bazaar   | Found Ruwnaoni's Book Shoppe.
 55413 | Bazaar   | Found Myusa's Antique Weapon Emporium.
 55443 | Bazaar   | Bought a crude helmet for 266 gold pieces
 55443 | Bazaar   | Identified the +2 helmet "Woklosm" {Str+5} (You bought it
                  | in a shop in a bazaar)
 55457 | Bazaar   | Bought a knobbly onyx ring for 140 gold pieces
 55457 | Bazaar   | Bought a twisted bone amulet for 140 gold pieces
 55457 | Bazaar   | Bought a scroll of teleportation for 84 gold pieces
 55465 | Bazaar   | Bought a warped dagger for 196 gold pieces
 55465 | Bazaar   | Identified the +5 dagger "Jyrynil" {vamp, rC+} (You bought
                  | it in a shop in a bazaar)
 55481 | Bazaar   | Bought a manual of Dodging for 880 gold pieces
 55499 | Bazaar   | Bought a phial of floods for 1120 gold pieces
 55499 | Bazaar   | Bought a potion of curing for 84 gold pieces
 55499 | Bazaar   | Bought a scroll of magic mapping for 98 gold pieces
 56724 | Depths:1 | Reached XP level 22. HP: 155/166 MP: 0/0
 57410 | Depths:1 | Identified the +8 hunting sling of the Smoking Puffin
                  | {venom, rF++ Str+4 Dex-3}
 57412 | Depths:1 | Reached skill level 1 in Long Blades
 57668 | Depths:1 | Found a basalt altar of Yredelemnul.
 57798 | Depths:1 | Found a one-way gate leading to the halls of Pandemonium.
 57931 | Depths:1 | Found a gateway to Hell.
 58024 | Depths:2 | Noticed a golden dragon
 58798 | Depths:2 | Identified the +5 lajatang of Bloody Death {freeze, rF+
                  | Dex+4 Stlth+}
 58800 | Depths:2 | Upgraded the game from 0.27-a0-1448-g9c78c815f3 to
                  | 0.27-a0-1456-gf5a116941d
 59043 | Depths:2 | Found Nohuleod's Weapon Shoppe.
 59278 | Depths:2 | Found a hazy altar of Hepliaklqana.
 59384 | Depths:2 | Found a faded altar of an unknown god.
 59472 | Depths:3 | Reached skill level 17 in Fighting
 59674 | Depths:3 | Paralysed by a floating eye for 2 turns
 59797 | Depths:3 | Reached skill level 15 in Dodging
 60586 | Depths:3 | Found a one-way gate to the infinite horrors of the Abyss.
 60857 | Depths:4 | Reached XP level 23. HP: 173/173 MP: 0/0
 60857 | Depths:4 | Learned a level 8 spell: Borgnjor's Revivification
 60970 | Depths:5 | Entered Level 5 of the Depths
 61526 | Depths:5 | Found a white marble altar of Elyvilon.
 61527 | Depths:5 | Found a glowing golden altar of the Shining One.
 61528 | Depths:5 | Found a glowing silver altar of Zin.
 61891 | Depths:5 | Identified the ring of Ojockil {MP+9 Dex+4}
 62233 | Depths:5 | Noticed a golden dragon
 62579 | Depths:4 | Noticed Mennas
 62590 | Depths:4 | Found a gateway to a ziggurat.
 63050 | Depths:4 | Paralysed by a floating eye for 2 turns
 63423 | Slime:1  | Entered Level 1 of the Pits of Slime
 64241 | Slime:2  | Gained mutation: You sometimes lose your temper in combat.
                  | [a shining eye]
 64242 | Slime:2  | You are sucked into a shaft and drop 2 floors!
 64244 | Slime:4  | Gained mutation: Potions are less effective at restoring
                  | your health. [a shining eye]
 64419 | Slime:2  | Reached XP level 24. HP: 150/181 MP: 0/0
 64534 | Slime:2  | Upgraded the game from 0.27-a0-1456-gf5a116941d to
                  | 0.27-a0-1497-gf8f22f7954
 65589 | Slime:3  | Paralysed by a floating eye for 4 turns
 66657 | Swamp:1  | Lost mutation: Potions are less effective at restoring your
                  | health. [potion of mutation]
 66657 | Swamp:1  | Gained mutation: You have a somewhat thin skeletal
                  | structure. (Dex +2, Stealth+) [potion of mutation]
 66657 | Swamp:1  | Gained mutation: You have supernaturally acute eyesight.
                  | (SInv) [potion of mutation]
 66807 | Swamp:4  | Lost mutation: You have supernaturally acute eyesight.
                  | (SInv) [potion of mutation]
 66807 | Swamp:4  | Lost mutation: You sometimes lose your temper in combat.
                  | [potion of mutation]
 66807 | Swamp:4  | Gained mutation: You occasionally lose the ability to read
                  | scrolls when taking damage. [potion of mutation]
 66807 | Swamp:4  | Gained mutation: You expend health (3 HP) to strengthen
                  | your wands. [potion of mutation]
 66807 | Swamp:4  | Gained mutation: You are agile. (Dex +4, Str/Int -1)
                  | [potion of mutation]
 67148 | D:15     | Lost mutation: You occasionally lose the ability to read
                  | scrolls when taking damage. [potion of mutation]
 67148 | D:15     | Lost mutation: You expend health (3 HP) to strengthen your
                  | wands. [potion of mutation]
 67148 | D:15     | Gained mutation: You passively map a small area around you.
                  | [potion of mutation]
 67148 | D:15     | Gained mutation: You are robust. (+10% HP) [potion of
                  | mutation]
 67297 | Orc:2    | Killed Azrael
 68017 | Orc:2    | Found Duicve's Armour Boutique.
 68020 | Orc:2    | Found Cealiczutei's Antique Armour Shop.
 68021 | Orc:2    | Found Qemauxy's Jewellery Boutique.
 68022 | Orc:2    | Found Mustrod's Jewellery Boutique.
 68280 | Orc:2    | Killed MordorOrchid's ghost
 68439 | Elf:1    | Entered Level 1 of the Elven Halls
 68439 | Elf:1    | Noticed Kirke
 68453 | Elf:1    | Killed Kirke
 68523 | Elf:1    | Reached skill level 18 in Fighting
 68523 | Elf:1    | Found Arumuox's Magic Scroll Shoppe.
 68842 | Elf:1    | Found Neapsy's Distillery.
 68875 | Elf:1    | Found Ress's Book Shop.
 69106 | Elf:1    | Reached skill level 15 in Shields
 69275 | Elf:1    | Upgraded the game from 0.27-a0-1497-gf8f22f7954 to
                  | 0.27-a0-1501-g9d6fb14e67
 69332 | Elf:1    | Found a transporter.
 69332 | Elf:1    | Found a bloodstained altar of Trog.
 69332 | Elf:1    | Noticed Ocaaf's ghost (adept DsIE)
 69332 | Elf:1    | Identified the +0 longbow "Piyr Isaerr" {speed, rC+ Int+4}
 69341 | Elf:1    | Found a transporter.
 69482 | Elf:1    | Killed Ocaaf's ghost
 69977 | Elf:1    | Found Loka's Antique Weapon Shoppe.
 70422 | Elf:2    | Found Lasusiba's Book Shoppe.
 70493 | Elf:2    | Found a runed translucent gate.
 70493 | Elf:2    | Found a runed translucent gate.
 70493 | Elf:2    | Found a runed translucent gate.
 71195 | Elf:2    | Reached XP level 25. HP: 201/206 MP: 0/0
 71195 | Elf:2    | Learned a level 8 spell: Ignition
 71387 | Elf:3    | Entered Level 3 of the Elven Halls
 71760 | Elf:3    | Reached skill level 1 in Throwing
 71974 | Elf:3    | Found Zustror's Book Emporium.
 72184 | Elf:3    | Upgraded the game from 0.27-a0-1501-g9d6fb14e67 to
                  | 0.27-a0-1512-g99fd57bada
 72216 | Elf:3    | Reached skill level 5 in Long Blades
 72217 | Elf:3    | Identified the ring "Coge" {Drain rPois rN++ MP+9 Slay+2}
 72233 | Elf:3    | Cast into level 3 of the Abyss (a deep elf sorcerer)
 72538 | Elf:3    | Escaped the Abyss
 72837 | Elf:3    | Identified the +8 flail of Scorn {elec, +Blink rN+++ Will+
                  | Int-2}
 72975 | Elf:3    | Reached XP level 26. HP: 214/214 MP: 0/0
 72976 | Elf:3    | Reached XP level 27. HP: 222/222 MP: 0/0
 72976 | Elf:3    | Learned a level 9 spell: Shatter
 73018 | Elf:3    | Identified the +6 trident of Valuable Assets {pain, *Noise
                  | rPois rC+ Dex+3}
 73063 | Elf:3    | Identified the +1 plate armour of the Flute {rF+ rN+}
 73092 | Elf:3    | Identified the +8 longbow "Ucyzyr" {flame, rC+ rN+ Dex+2}
 73751 | Spider:4 | Killed Bai Suzhen
 73891 | Spider:4 | Reached skill level 19 in Fighting
 74128 | Spider:4 | Got a gossamer rune of Zot
 74364 | Slime:5  | Entered Level 5 of the Pits of Slime
 74906 | Slime:5  | Noticed the Royal Jelly
 76045 | Slime:5  | Gained mutation: Your spells are a little harder to cast,
                  | but a little more powerful. [a shining eye]
 76210 | Slime:5  | Found a viscous altar of Jiyva.
 76212 | Slime:5  | Found the +10 dark maul {vorpal}
 76937 | Crypt:1  | Entered Level 1 of the Crypt
 77310 | Crypt:1  | Noticed Boris
 77763 | Crypt:1  | Killed Boris
 79107 | Crypt:2  | Reached skill level 20 in Fighting
 79625 | Crypt:3  | Entered Level 3 of the Crypt
 79967 | Crypt:3  | Noticed Mara
 80766 | Crypt:3  | Noticed an ancient lich
 81240 | Crypt:3  | Identified the +5 ring mail of Selik {Slay+4 SInv}
 81375 | Crypt:3  | Found a staircase to the Tomb.
 81558 | Crypt:3  | Identified the +3 scale mail "Foffash" {Stlth+}
 82714 | Depths:3 | Voluntarily entered the Abyss.
 82816 | Abyss:2  | Found a corrupted altar of Lugonu.
 82965 | Abyss:3  | Noticed a juggernaut
 82989 | Abyss:3  | Killed a juggernaut
 82995 | Abyss:3  | Got an abyssal rune of Zot
 83004 | Abyss:3  | Found a glowing golden altar of the Shining One.
 83118 | Depths:3 | Escaped the Abyss
 83121 | Depths:3 | Upgraded the game from 0.27-a0-1512-g99fd57bada to
                  | 0.27-a0-1519-gc8121b24ce
 83462 | Vaults:5 | Entered Level 5 of the Vaults
 83550 | Vaults:5 | Noticed Boris
 83559 | Vaults:5 | Killed Boris
 83663 | Vaults:5 | Identified the +6 dagger of the Traitor {flame, rF- Int+7
                  | Dex+5}
 83691 | Vaults:5 | Identified the ring "Voalukko" {MP+9 Str+3}
 83866 | Vaults:5 | Identified the +11 battleaxe of Parts Unknown {flame, rPois
                  | rN+ Will+}
 83935 | Vaults:5 | Identified the +9 ice dragon scales "Wuiridin" {-Cast rPois
                  | rF- rC++ rCorr Str+4}
 84004 | Vaults:5 | Identified the +1 shortbow of World Downfall {freeze, Fly
                  | rPois}
 84015 | Vaults:5 | Identified the +8 long sword of Courage {vorpal, Str+6}
 84139 | Vaults:5 | Got a silver rune of Zot
 84472 | Vaults:5 | Reached skill level 21 in Fighting
 84494 | Vaults:5 | Identified the +1 robe "Uzuumn" {rPois Str+3 Archmagi}
 84497 | Vaults:5 | Identified the +0 war axe "Wouduschidu" {flame, rC+ Dex+2
                  | Stlth+}
 84952 | Vaults:3 | Identified the +3 arbalest "Z" {penet, rElec rCorr}
 85056 | Vaults:3 | Identified the amulet of Pumu {Reflect Str+3 Int+2 SH+5}
 85446 | Hell     | Entered the Vestibule of Hell
 85446 | Hell     | Noticed Geryon
 85749 | Hell     | Killed Geryon
 86412 | Hell     | Found a gateway to the Iron City of Dis.
 86443 | Hell     | Found a gateway to the freezing wastes of Cocytus.
 86512 | Hell     | Found a gateway to the decaying netherworld of Tartarus.
 86558 | Hell     | Found a gateway to the ashen valley of Gehenna.
 86852 | Depths:4 | Identified the +6 morningstar of Utetulish {flame, Fly}
 86918 | Depths:4 | Noticed Sojobo
 87131 | Depths:5 | Found a gate to the Realm of Zot.
 87417 | Zot:1    | Entered Level 1 of the Realm of Zot
 88408 | Zot:2    | Reached skill level 22 in Fighting
 88813 | Zot:2    | Reached skill level 15 in Stealth
 89257 | Zot:3    | Noticed a Killer Klown
 89262 | Zot:3    | Killed a Killer Klown
 89509 | Zot:3    | Found the +14 obsidian axe {vorpal, Drain Fly SInv}
 90645 | Zot:5    | Entered Level 5 of the Realm of Zot
 90645 | Zot:5    | Found Sirr's CLEARANCE SALE! EVERYTHING MUST GO!.
 91269 | Zot:5    | Identified the +8 halberd "Otee" {vorpal, +Blink rN++}
 91696 | Hell     | Upgraded the game from 0.27-a0-1519-gc8121b24ce to
                  | 0.27-a0-1528-g90fbb72469
 91714 | Coc:1    | Entered Level 1 of Cocytus
 92041 | Coc:6    | Noticed a shard shrike
 92041 | Coc:6    | Noticed a shard shrike
 92041 | Coc:6    | Noticed a shard shrike
 92042 | Coc:6    | Noticed a shard shrike
 92043 | Coc:6    | Killed a shard shrike
 92043 | Coc:6    | Killed a shard shrike
 92044 | Coc:6    | Reached skill level 23 in Fighting
 92046 | Coc:6    | Killed a shard shrike
 92048 | Coc:6    | Killed a shard shrike
 92113 | Coc:6    | Noticed a shard shrike
 92116 | Coc:6    | Killed a shard shrike
 92238 | Coc:7    | Entered Level 7 of Cocytus
 92638 | Coc:7    | Noticed a shard shrike
 92638 | Coc:7    | Noticed a shard shrike
 92638 | Coc:7    | Noticed a shard shrike
 92638 | Coc:7    | Noticed a shard shrike
 92641 | Coc:7    | Killed a shard shrike
 92645 | Coc:7    | Killed a shard shrike
 92650 | Coc:7    | Killed a shard shrike
 92654 | Coc:7    | Killed a shard shrike
 92716 | Coc:7    | Noticed a shard shrike
 92718 | Coc:7    | Killed a shard shrike
 92911 | Coc:7    | Noticed a shard shrike
 92930 | Coc:7    | Killed a shard shrike
 92931 | Coc:7    | Identified the ring of Obsession {rPois Str+6 Int+7}
 92931 | Coc:7    | Noticed Antaeus
 92933 | Coc:7    | Noticed a shard shrike
 92938 | Coc:7    | Reached skill level 15 in Evocations
 92945 | Coc:7    | Killed Antaeus
 92948 | Coc:7    | Killed a shard shrike
 93014 | Coc:7    | Noticed a shard shrike
 93015 | Coc:7    | Killed a shard shrike
 93033 | Coc:7    | Got an icy rune of Zot
 93037 | Coc:7    | Noticed a shard shrike
 93042 | Coc:7    | Killed a shard shrike
 93142 | Coc:7    | Found the +2 hood of the Assassin {Detection Stab+ Stlth++}
 93323 | Coc:7    | Noticed a shard shrike
 93324 | Coc:7    | Killed a shard shrike
 93376 | Coc:7    | Noticed a shard shrike
 93379 | Coc:7    | Killed a shard shrike
 93493 | Coc:7    | Noticed a shard shrike
 93495 | Coc:7    | Killed a shard shrike
 93552 | Coc:7    | Noticed a shard shrike
 93558 | Coc:7    | Killed a shard shrike
 94332 | Slime:5  | Identified the +3 halberd of Wob Ofod {flame, rC+ MP+9
                  | Int+3}
 94402 | Slime:5  | Got a slimy rune of Zot
 94433 | Slime:5  | Identified the +6 long sword of Ynuapeta {drain, Will+ MP-9
                  | Stlth+}
 94479 | Slime:5  | Identified the +8 great sword "Vunoen" {vorpal, rElec rC+}
 95000 | Geh:1    | Entered Level 1 of Gehenna
 96638 | Geh:7    | Entered Level 7 of Gehenna
 98328 | Geh:7    | Found the +7 sceptre of Asmodeus
 98328 | Geh:7    | Noticed Asmodeus
 98558 | Geh:7    | Identified the +3 hunting sling of the Ecumenical Temple
                  | {freeze, rC+ rN+ Int-5 Dex+2}
 98558 | Geh:7    | Identified the +1 plate armour of Exclusion {rN+ Dex+4}
 98605 | Geh:7    | Killed Asmodeus
 98606 | Geh:7    | Reached skill level 24 in Fighting
 98686 | Geh:7    | Found the +7 sceptre of Torment {pain, torment}
 98688 | Geh:7    | Found the +3 pair of seven-league boots {Rampage+∞}
 98689 | Geh:7    | Found the +8 demon blade "Leech" {vamp, *Rage +Rage rN+}
 98698 | Geh:7    | Identified the +0 cloak of the Kettle-Drum {Int+4}
 98733 | Geh:7    | Got an obsidian rune of Zot
 98936 | Hell     | Upgraded the game from 0.27-a0-1528-g90fbb72469 to
                  | 0.27-a0-1545-g3eddc1d3d3
 98964 | Dis:1    | Entered Level 1 of the Iron City of Dis
100041 | Dis:5    | Upgraded the game from 0.27-a0-1545-g3eddc1d3d3 to
                  | 0.27-a0-1548-gf8a67e7463
101004 | Dis:7    | Entered Level 7 of the Iron City of Dis
101320 | Dis:7    | Identified the ring of Vanity {Wiz Contam rElec Int+4}
101567 | Dis:7    | Identified the +1 buckler "Jifor" {rN+ Str-5 Dex+3}
102501 | Dis:7    | Reached skill level 25 in Fighting
102716 | Dis:7    | Found the +4 staff of Dispater
102716 | Dis:7    | Noticed Dispater
102756 | Dis:7    | Found the +8 frozen axe "Frostbite" {freezing cloud, *Noise
                  | Fly rC+}
102761 | Dis:7    | Identified the +3 mace of Anuwuzan {vorpal, Contam SInv
                  | Stlth+}
102763 | Dis:7    | Got an iron rune of Zot
102772 | Dis:7    | Identified the +5 ring mail of a bazaar {Str+8}
102860 | Hell     | Upgraded the game from 0.27-a0-1548-gf8a67e7463 to
                  | 0.27-a0-1559-g299f9947c5
103088 | Orc:2    | Bought a pair of embroidered gloves for 202 gold pieces
103405 | Lair:3   | Identified the +5 short sword of Qudd {freeze, rPois Int+5
                  | SInv}
103506 | Slime:5  | Identified the +6 broad axe "Suorurph" {flame, Drain rCorr
                  | Dex+5}
103789 | Orc:2    | Bought a glowing hat for 189 gold pieces
103790 | Orc:2    | Bought an ancient chain mail for 256 gold pieces
103790 | Orc:2    | Identified the +5 chain mail of the Northern Lights {rC-
                  | Str+5 Int+8} (You bought it in a shop on level 2 of the
                  | Orcish Mines)
103800 | Orc:2    | Upgraded the game from 0.27-a0-1559-g299f9947c5 to
                  | 0.28-a0-2-g643f2454ad
103845 | Orc:2    | Upgraded the game from 0.28-a0-2-g643f2454ad to
                  | 0.28-a0-6-g334057b17a
103845 | Orc:2    | Upgraded the game from 0.28-a0-6-g334057b17a to
                  | 0.28-a0-43-g560ac104fe
104107 | Hell     | Reached skill level 27 in Fighting
104107 | Hell     | Upgraded the game from 0.28-a0-43-g560ac104fe to
                  | 0.30-a0-883-g5ad918d77d
104563 | Zot:5    | Noticed an ancient lich
104566 | Zot:5    | Noticed an orb of fire
104568 | Zot:5    | Noticed an orb of fire
104570 | Zot:5    | Gained mutation: You have hidden genetic defects. [an orb
                  | of fire]
104576 | Zot:5    | Noticed an orb of fire
104578 | Zot:5    | Noticed an orb of fire
104585 | Zot:5    | Noticed an orb of fire
104594 | Zot:5    | Gained mutation: Your body sometimes deteriorates upon
                  | taking damage. [an orb of fire]
104595 | Zot:5    | Noticed a dread lich
104599 | Zot:4    | Killed an orb of fire
104760 | Zot:5    | Gained mutation: Your body often deteriorates upon taking
                  | damage. [an orb of fire]
104766 | Zot:4    | Killed an orb of fire
104821 | Zot:5    | Gained mutation: Armour fits poorly on your strangely
                  | shaped body. [an orb of fire]
104826 | Zot:4    | Killed a dread lich
104832 | Zot:5    | Killed an ancient lich
104973 | Zot:5    | Gained mutation: You are weak. (Str -2) [an orb of fire]
104975 | Zot:5    | Killed an orb of fire
104976 | Zot:5    | Killed an orb of fire
104984 | Zot:5    | Killed an orb of fire
104985 | Zot:5    | Noticed an ancient lich
104987 | Zot:5    | Noticed a Killer Klown
104992 | Zot:5    | Killed an ancient lich
104992 | Zot:5    | Gained mutation: You sometimes lose your temper in combat.
                  | [hidden defects]
105174 | Zot:5    | Killed a Killer Klown
105206 | Zot:5    | Noticed an orb of fire
105262 | Zot:5    | Noticed a Killer Klown
105264 | Zot:5    | Noticed an orb of fire
105265 | Zot:5    | Noticed an orb of fire
105276 | Zot:5    | Killed an orb of fire
105286 | Zot:5    | Killed an orb of fire
105434 | Zot:5    | Killed a Killer Klown
105476 | Zot:5    | Gained mutation: You are very weak. (Str -4) [an orb of
                  | fire]
105477 | Zot:5    | Lost mutation: You are robust. (+10% HP) [an orb of fire]
105478 | Zot:5    | Killed an orb of fire
105495 | Zot:5    | Gained mutation: You have an uncontrollable temper. [hidden
                  | defects]
105495 | Zot:5    | Lost mutation: You have hidden genetic defects. [hidden
                  | defects expressed]
105497 | Zot:5    | Identified the +10 rapier of Famine {flame, Str-3 Dex+3}
105711 | Zot:5    | Noticed a Killer Klown
105718 | Zot:5    | Killed a Killer Klown
105754 | Zot:5    | Noticed an orb of fire
105756 | Zot:5    | Noticed a Killer Klown
105758 | Zot:5    | Killed a Killer Klown
105763 | Zot:5    | Killed an orb of fire
105764 | Zot:5    | Noticed a Killer Klown
105769 | Zot:5    | Lost mutation: Your spells are a little harder to cast, but
                  | a little more powerful. [mutagenic glow]
105770 | Zot:5    | Killed a Killer Klown
105999 | Zot:5    | Got the Orb of Zot
106728 | D:$      | Escaped with the Orb!

Illustrated notes

Levels and vault maps discovered:
D:1:      lightli_arrival_maybe_door_vault, layout_loops_cross,
          amcnicky_mini_pool_small
D:2:      layout_loops_corners, grunt_ministairs_4
D:3:      layout_basic
D:4:      layout_basic, moated_statue, uniq_blork_the_orc
D:5:      layout_basic, kennysheep_little_box, cheibriados_altar_1, uniq_pikel,
          uniq_duvessa, uniq_eustachio
D:6:      layout_loops_ring, xom_redecorated, nicolae_uskayaw_en_pointe,
          fedhas_ov_isle_minmay, uniq_maggie
D:7:      lemuel_castle_with_subvaults [lemuel_castle_interior_carwin_1],
          layout_basic, minmay_temple_entry_glass
D:8:      layout_loops_cross, lemuel_doored_altar, serial_shops, shop_statue
D:9:      layout_irregular_city, grunt_temple_overflow_open,
          kb_lookout_dungeons_type, amcnicky_mini_pool_medium, uniq_erolcha
D:10:     layout_cave_pools, lemuel_coloured_pillars_altar, dpeg_oklobed_lair,
          nrook_mini_vaults, kennysheep_generic_room_7, uniq_maurice
D:11:     nzn_winding_woodlands_three_and_one
          [nzn_winding_woodlands_5x15_crooked,
          nzn_winding_woodlands_5x15_pathside_ponds,
          nzn_winding_woodlands_5x15_eye,
          nzn_winding_woodlands_center_pierced_h], layout_small_grid,
          minmay_statues_item, minmay_misc_feat_encased, uniq_fannar,
          uniq_nergalle
D:12:     layout_roguey
D:13:     orc_temple, layout_long_grid, uniq_snorg
D:14:     layout_stronghold, grunt_vaults_entry_fortified,
          nicolae_gozag_zags_fifth_avenue, serial_shops, nicolae_shop_trees,
          nicolae_shop_behind_doors
D:15:     gammafunk_enter_depths_forms, layout_loops_cross,
          hangedman_abyss_or_decor_passed, enter_trove_5,
          kiku_gazebo_garden_becter
Temple:   dshaligram_water_room_temple
Lair:1:   layout_cellular_growth, gauntlet_entry_generic, lemuel_fruit_tree,
          serial_bayou_shore_a
Lair:2:   layout_hall_layers, palyth_hydra_swamp_entry,
          nicolae_spider_entry_non_spiders, portal_ice_cave_demonic_guard,
          serial_bayou_pond_c, minmay_lair_oklob_chamber
Lair:3:   layout_gridlike, beast_lair_carwin_3, lemuel_fruit_fields,
          grunt_megastairs_1
Lair:4:   layout_roguey, grunt_megastairs_5
Lair:5:   layout_small_grid, dpeg_slime_entry_enclosed_altar, roderic_batcave,
          hellmonk_guarded_unrand_zhor
Lair:6:   grunt_lair_end_beastmaster, layout_cellular_growth
Swamp:1:  layout_falls_marsh, evilmike_swamp_ruin_house_3, hangedman_swamp_dais
Swamp:2:  layout_basic_swamp, hangedman_swamp_diagram
Swamp:3:  layout_basic_swamp, evilmike_swamp_ruin_house_1, swamp_pool3
Swamp:4:  swamp_basic_johnstein, layout_basic_swamp, swamp_pool1,
          nicolae_swamp_spooky_pond
Spider:1: layout_spider_delve, drop_trap
Spider:2: layout_spider_delve
Spider:3: layout_chambers
Spider:4: floodkiller_spider_rune_tomb, drop_trap, uniq_bai_suzhen, uniq_arachne
Slime:1:  layout_caves
Slime:2:  layout_caves
Slime:3:  layout_caves
Slime:4:  layout_caves
Slime:5
Orc:1:    cheibrodos_orc_guarddog, layout_diamond_mine, basic_altar,
          serial_shops, shop_scrolls, enter_volcano_1
Orc:2:    st_orc_pillars, layout_caves, maelrawn_ghost_gauntlet_escape,
          basic_altar, minmay_shop_mayhem, nicolae_orc_sculptors_studio,
          uniq_azrael
Elf:1:    minmay_elf_arrival_plus, layout_gridlike, serial_shops,
          nicolae_lakefront_shop, nicolae_lakefront_shop, shop,
          nicolae_shop_competitors_out_of_business,
          gammafunk_ghost_wrathful_warriors, evilmike_minifort, uniq_kirke
Elf:2:    layout_gridlike, serial_shops, nicolae_shop_crystal
Elf:3:    minmay_elf_hall_furrowed, layout_loops_corners, serial_shops,
          nicolae_lakefront_shop
Vaults:1: v_misc_5, grunt_vaults_trifunnel, v_rooms_2, nicolae_vaults_network_s,
          vaults_room_boxed, nicolae_vaults_quadrants,
          nicolae_vaults_network_periphery, nicolae_vaults_little_squares_3,
          nicolae_vaults_little_squares_2, layout_vaults_omnicross
Vaults:2: nicolae_vaults_little_squares_3, vaults_dpeg_encased_lava,
          vaults_mumra_lcd, vaults_room_hallway, v_pattern_1,
          ontoclasm_vaults_shuriken, hangedman_vaults_impose,
          nicolae_vaults_little_squares_6, hangedman_vaults_slice,
          layout_vaults_omnigrid
Vaults:3: vaults_room_pools, v_pattern_2, gammafunk_sealed_arena,
          hangedman_vaults_impose, nicolae_vaults_yaktaur_gun_rack,
          vaults_room_fours, nicolae_vaults_ninety_degrees,
          grunt_vaults_bifocal, nicolae_vaults_diagonal_hallway_7,
          nicolae_vaults_little_squares_6, minmay_crypt_entry_simple_plaza,
          layout_vaults_ring
Vaults:4: hangedman_vaults_restitches, v_misc_18, vaults_mumra_hexcomb,
          hangedman_vaults_river_flow, nicolae_vaults_diagonal_hallway_9,
          hangedman_vaults_pinch, nicolae_vaults_diagonal_hallway_9,
          ontoclasm_vaults_fault, layout_vaults_maze_snakey, serial_shops,
          bzr_in_the_mist
Vaults:5
Crypt:1:  layout_chaotic_city, grunt_crypt_arrival_webbed, uniq_boris
Crypt:2:  layout_gridlike, skrybe_necro_troll_2
Crypt:3:  quadcrypt_mu, uniq_mara
Depths:1: layout_cave_pools, pan_entry, chequers_serial_rivers_micro_b,
          hell_entry, yredelemnul_forgotten_temple_becter
Depths:2: minmay_connected_triangles_in_corner, layout_cave_shapes,
          serial_shops, nicolae_shop_waterfront, roderic_roman_lattice,
          pf_dread_powers_of_hell, beargit_hepliaklqana_dungeon_heroes
Depths:3: minmay_octo_star, layout_twisted_cross, abyss_entry,
          hangedman_decor_opposing, hell_entry, rand_demon_pan_entry_7,
          kennysheep_generic_room_6
Depths:4: minmay_diamond_stairs, layout_small_grid, enter_ziggurat_b,
          kennysheep_minor_cross, pf_hell_entry_tar_spiral, abyss_entry_crystal,
          infiniplex_staircase_x, uniq_sojobo, uniq_mennas
Depths:5: grunt_zot_entry_funnels, layout_gridville, grunt_metal_band,
          good_gods_temple_1, minmay_serpent_palace, serial_bayou_shore_b
Hell
Dis:1:    layout_regular_city, door_vault
Dis:2:    layout_overlapping_boxes, nicolae_dis_hell_towers
Dis:3:    layout_gridville, grunt_dis_stairs_iron_hall
Dis:4:    layout_jigsaw, lemuel_elevator
Dis:5:    layout_jigsaw
Dis:6:    layout_gridville, hangedman_dis_decor_blocks_talon
Dis:7:    iron_city_of_dis [dis_mu, dis_wall_3], layout_chaotic_city
Geh:1:    layout_gehenna_pools_basic, lemuel_flamethrower_2
Geh:2:    layout_gehenna_pools_box, nicolae_geh_lava_in_the_way
Geh:3:    layout_gehenna_pools_box
Geh:4:    layout_gehenna_lava_caves
Geh:5:    layout_gehenna_lava_caves
Geh:6:    layout_gehenna_pools_basic
Geh:7:    geh_mu
Coc:1:    layout_cocytus_water_paths
Coc:2:    layout_ice_bergs
Coc:3:    layout_ice_bergs
Coc:4:    layout_ice_bergs
Coc:5:    layout_ice_bergs
Coc:6:    layout_cocytus_water_paths
Coc:7:    coc_mu
Zot:1:    layout_gridlike, grunt_ministairs_13, grunt_megastairs_2
Zot:2:    layout_gridville, hangedman_zot_decor_unnerving_road,
          grunt_megastairs_3
Zot:3:    kennysheep_oblong_rooms, layout_gridville
Zot:4:    layout_basic
Zot:5:    layout_onion, bh_zot_ikea_curve, nicolae_shop_clearance

Skill      XL: |  1  2  3  4  5  6  7  8  9 10 11 12 13 14 15 16 17 18 19 20 21 22 23 24 25 26 27 |
---------------+----------------------------------------------------------------------------------+-----
Spellcasting   | 3 4 5 6 7 9 10 11 12 13 14 15 16 17 26 | 26.1
Stealth        | 2 3 4 5 6 7 8 9 10 11 12 19 | 19.5
Slings         | 1 2 3 4 6 |  0.0
Fighting       | 3 5 7 8 9 11 12 13 14 15 16 17 18 27 | 27.0
Dodging        | 3 4 6 8 9 10 11 12 13 16 18 19 23 | 23.9
Shields        | 3 4 6 7 8 9 10 11 12 14 16 24 | 24.2
Evocations     | 4 7 8 9 11 12 13 14 19 | 19.2
Invocations    | 4 6 7 8 9 |  9.3
Armour         | 3 5 8 |  8.5
Long Blades    | 1 4 5 6 |  6.0
Throwing       | 3 |  3.3
Ranged Weapons | 4 |  4.0

Action                     |  1- 3 |  4- 6 |  7- 9 | 10-12 | 13-15 | 16-18 | 19-21 | 22-24 | 25-27 || total
---------------------------+-------+-------+-------+-------+-------+-------+-------+-------+-------++-------
  Melee: Spear             |     8 |       |       |    42 |    17 |       |       |       |       ||    67
         Dagger            |       |     6 |     7 |     1 |       |       |       |       |       ||    14
         Whip              |       |       |       |       |    66 |    36 |    26 |       |       ||   128
         Falchion          |       |       |       |       |     3 |       |     3 |    31 |    11 ||    48
         Short sword       |       |       |       |       |       |       |       |       |     1 ||     1
   Fire: Sling             |    18 |    27 |       |       |       |       |       |       |     1 ||    46
   Cast: Sting             |    47 |    47 |    22 |     8 |    15 |       |       |       |       ||   139
         Poisonous Vapours |     2 |    27 |    87 |   162 |   224 |   254 |   184 |   192 |   161 ||  1293
         Foxfire           |       |    18 |    38 |    47 |    48 |    12 |     1 |     7 |       ||   171
         Corpse Rot        |       |     1 |       |     1 |     2 |     2 |       |       |     3 ||     9
         Ignite Poison     |       |     2 |    23 |    82 |   134 |   221 |   164 |   171 |   148 ||   945
         Olgreb's Toxic Ra |       |       |     2 |    42 |   113 |   106 |    86 |    91 |    40 ||   480
         Mephitic Cloud    |       |       |     1 |       |     2 |     1 |     3 |     6 |     1 ||    14
         Summon Ice Beast  |       |       |       |    85 |   203 |   110 |    36 |    16 |       ||   450
         Call Imp          |       |       |       |       |     2 |       |       |       |       ||     2
         Iron Shot         |       |       |       |       |    25 |    63 |   176 |   334 |  2679 ||  3277
         Irradiate         |       |       |       |       |     2 |     1 |    34 |    54 |   120 ||   211
         Manifold Assault  |       |       |       |       |       |     4 |       |     3 |     1 ||     8
         Death Channel     |       |       |       |       |       |     5 |     6 |     6 |     1 ||    18
         Shadow Creatures  |       |       |       |       |       |       |    12 |    16 |    18 ||    46
         Summon Hydra      |       |       |       |       |       |       |    10 |     1 |    14 ||    25
         Ignition          |       |       |       |       |       |       |       |       |    94 ||    94
         Shatter           |       |       |       |       |       |       |       |       |    14 ||    14
         Borgnjor's Revivi |       |       |       |       |       |       |       |       |     2 ||     2
 Invoke: Minor Destruction |       |       |       |       |       |       |       |     1 |       ||     1
  Evoke: Wand              |       |       |       |       |     2 |       |     1 |     1 |       ||     4
         Piece from Xom's  |       |       |       |       |       |       |     2 |     2 |       ||     4
         Phial of floods   |       |       |       |       |       |       |       |     1 |     1 ||     2
         Horn of Geryon    |       |       |       |       |       |       |       |       |     3 ||     3
    Use: Scroll            |       |     3 |     4 |    10 |    14 |     2 |     3 |     4 |    21 ||    61
         Potion            |       |       |       |     1 |       |       |     1 |     7 |    15 ||    24
   Stab: Sleeping          |     1 |       |       |     1 |     1 |       |       |     1 |     1 ||     5
         Distracted        |       |       |       |     1 |     2 |       |     2 |     1 |       ||     6
 Armour: Robe              |     5 |     6 |     5 |    18 |     2 |       |       |       |       ||    36
         Animal skin       |       |       |       |       |    38 |    21 |    15 |    15 |    67 ||   156
  Dodge: Dodged            |    22 |    14 |    38 |    62 |   111 |   134 |   123 |   139 |   628 ||  1271
  Block: Kite shield       |       |       |       |    26 |    97 |    70 |   109 |    10 |       ||   312
         Reflection        |       |       |       |       |     2 |     7 |    26 |    18 |    84 ||   137
         Tower shield      |       |       |       |       |       |       |       |   160 |  1052 ||  1212
Riposte: Spear             |       |       |       |    13 |     3 |       |       |       |       ||    16
         Whip              |       |       |       |       |    14 |    19 |    14 |       |       ||    47
         Falchion          |       |       |       |       |     3 |       |     4 |    36 |   108 ||   151
         Short sword       |       |       |       |       |       |       |       |       |     4 ||     4

Table legend: (Time is in decaauts)
 A = Elapsed time spent in this place.
 B = Non-inter-level travel time spent in this place.
 C = Inter-level travel time spent in this place.
 D = Time resting spent in this place.
 E = Time spent auto-exploring this place.
 F = Levels seen in this place.
 G = Mean time per level.
                   A        B        C        D        E       F      G
               +--------+--------+--------+--------+--------+-----+--------+
         Total | 107005 |  95444 |  11561 |  25127 |  45449 |  87 | 1229.9 |
       Dungeon |  30398 |  26939 |   3459 |  10203 |  11675 |  15 | 2026.5 |
        Temple |    187 |    163 |     24 |      0 |    162 |   1 |  187.0 |
          Lair |  10100 |   8483 |   1617 |   1780 |   4865 |   6 | 1683.3 |
         Swamp |   4707 |   4181 |    526 |    734 |   2342 |   4 | 1176.8 |
   Spider Nest |   5479 |   5267 |    212 |    920 |   3094 |   4 | 1369.8 |
    Slime Pits |   5794 |   5209 |    585 |   2207 |   1616 |   5 | 1158.8 |
  Orcish Mines |   4545 |   3896 |    649 |   1433 |   1495 |   2 | 2272.5 |
   Elven Halls |   4863 |   4399 |    464 |    631 |   2725 |   3 | 1621.0 |
        Vaults |   8785 |   7223 |   1562 |    739 |   4406 |   5 | 1757.0 |
         Crypt |   4984 |   4761 |    223 |   1147 |   2671 |   3 | 1661.3 |
        Depths |   8574 |   7272 |   1302 |   2241 |   3297 |   5 | 1714.8 |
          Hell |   1394 |   1251 |    143 |    508 |    326 |   1 | 1394.0 |
           Dis |   3900 |   3772 |    128 |    544 |   1628 |   7 |  557.1 |
       Gehenna |   3427 |   3274 |    153 |    612 |    778 |   7 |  489.6 |
       Cocytus |   1864 |   1821 |     43 |     77 |    712 |   7 |  266.3 |
           Zot |   5965 |   5498 |    467 |    960 |   2793 |   5 | 1193.0 |
         Abyss |    708 |    708 |      0 |    190 |    217 |   4 |  177.0 |
        Bazaar |     95 |     95 |      0 |      0 |      2 |   1 |   95.0 |
         Trove |     72 |     72 |      0 |      0 |      0 |   1 |   72.0 |
       Volcano |   1156 |   1156 |      0 |    201 |    644 |   1 | 1156.0 |
               +--------+--------+--------+--------+--------+-----+--------+

Top non-repeatable levels by time:
    D:10: 3398 daAuts
    D:15: 3243 daAuts
     D:7: 3079 daAuts
  Lair:2: 2792 daAuts
Vaults:1: 2397 daAuts
   Orc:2: 2345 daAuts
Vaults:3: 2337 daAuts
    D:11: 2271 daAuts
   Geh:7: 2258 daAuts
 Crypt:3: 2223 daAuts
    D:14: 2213 daAuts
   Orc:1: 2199 daAuts
Depths:2: 2158 daAuts
Depths:3: 2098 daAuts
Spider:4: 2090 daAuts
